 Dungeon Crawl Stone Soup version 0.32-a0-953-g508020473e (webtiles) character file.

Game seed: 514014111023576377

132 Doorstop00 the Covered (level 5, 0/33 HPs)
             Began as a Gargoyle Fighter on Apr 16, 2024.
             Slain by an ogre
             ... wielding a +0 giant club
              (19 damage)
             ... on level 3 of the Dungeon.
             The game lasted 00:11:56 (1972 turns).

Doorstop00 the Covered (Gargoyle Fighter)           Turns: 1972, Time: 00:11:57

Health: 0/33       AC: 16    Str: 22    XL:     5   Next: 15%
Magic:  5/5        EV:  8    Int:  8    God:
Gold:   90         SH:  4    Dex:  9    Spells: 4/4 levels left

rFire   . . .        m - +3 hammer
rCold   . . .        c - +0 buckler
rNeg    + . .        b - +0 scale mail
rPois   ∞            l - +0 helmet
rElec   +            (no cloak)
rCorr   .            (no gloves)
SInv    .            (no boots)
Will    .....        (no amulet) Stlth
                     g - +4 ring of protection
HPRegen 0.25/turn    (no ring)
MPRegen 0.09/turn

%: no passive effects
@: no status effects
A: sickness immunity, AC +4, negative energy resistance 1, electricity
resistance, torment resistance 1, petrification resistance
a: no special abilities


You were on level 3 of the Dungeon.
You visited 1 branch of the dungeon, and saw 3 of its levels.

You collected 120 gold pieces.
You spent 30 gold pieces at shops.

Inventory:

Hand Weapons
 a - a +0 flail
 m - a +3 hammer (weapon)
Missiles
 e - 2 javelins (quivered)
Armour
 b - a +0 scale mail (worn)
 c - a +0 buckler (worn)
 d - a +0 cloak
 l - a +0 helmet (worn)
Jewellery
 g - a +4 ring of protection (left hand)
Scrolls
 f - a scroll of teleportation
 n - a scroll of poison {unknown}
Potions
 h - a potion of attraction
 i - a potion of resistance
 j - a potion of curing
 k - a potion of invisibility {unknown}
 o - a potion of experience {unknown}
 p - a potion of heal wounds {unknown}


   Skills:
 * Level 3.9 Fighting
 * Level 3.4 Maces & Flails
 * Level 4.1 Armour
 * Level 0.9 Dodging
 * Level 3.9 Shields


You had 4 spell levels left.
You didn't know any spells.
Your spell library contained the following spells:

 Spells                   Type           Power      Damage    Failure   Level
 Sandblast                Erth           0%         2d4       80%         1
 Static Discharge         Conj/Air       0%         3-3/arc   90%         2
 Passwall                 Erth           0%         N/A       99%         3
 Stone Arrow              Conj/Erth      0%         3d7       99%         3
 Airstrike                Air            0%         2d(0-16)  100%        4
 Summon Lightning Spire   Summ/Air       0%         N/A       100%        4


Dungeon Overview and Level Annotations

Branches:
Dungeon (3/15)

Altars:

Shops:
D:2 !   D:3 =


Innate Abilities, Weirdness & Mutations

You are immune to sickness and miasma.
Your stone body is resilient. (AC +4)
You are immune to poison.
You resist negative energy. (rN+)
You are resistant to electric shocks. (rElec)
You are resistant to unholy torment.
You are immune to petrification.


Message History

You see here a frilled lizard corpse.
Found an escape hatch in the floor.
You see here 7 stones.
A frilled lizard comes into view.
The frilled lizard hisses angrily.
A ribbon worm comes into view.
The ribbon worm moves out of view.
You block the frilled lizard's attack.
You hit the frilled lizard.
You kill the frilled lizard!
You sock the ribbon worm!
The ribbon worm is moderately wounded.
The ribbon worm bites you but does no damage.
You hit the ribbon worm.
The ribbon worm is heavily wounded.
The ribbon worm expels a string of sticky webbing.
The stream of webbing hits you but does no damage.
You are caught in a web!
The web tears apart.
The ribbon worm bites you but does no damage.
You thump the ribbon worm!
The ribbon worm is severely wounded.
The ribbon worm barely misses you.
You sock the ribbon worm!
You kill the ribbon worm!
You open the door.
A rat and an ogre come into view.
The rat squeaks loudly.
Found 4 stones and 9 gold pieces.
You hit the rat.
The rat is severely wounded.
You block the rat's attack. The rat bites you but does no damage.
You hit the rat.
You kill the rat!
You barely miss the ogre. The ogre hits you with a +0 giant club!
You sock the ogre!
The ogre is heavily wounded.
The ogre hits you with a +0 giant club!!
Ouch! That really hurt!
You die...

#........ #...# #........
#.ß.# ......... #.⌠.# .
........ #.ß.# .. #.......
#.($# ... #..#.... ...
#..#..#.... ##O## #....##...
#.@.# #......... ##.#.#
#.#.#...## #.###.#
#.#...###. ##.#.#.#
.......#...# #.##.##.
###...#..... ##.#...#.#
#.(.#|.∩.. #.##...# .#
#####.....
.######.##..###.######.#...#
........................###.


You could see an ogre.

Vanquished Creatures
  Crazy Yiuf (D:2)
  Robin (D:2)
  An adder (D:2)
  A dart slug (D:2)
  A ribbon worm (D:3)
  An orc (D:3)
  5 bats
  5 endoplasms
  6 giant cockroaches
  12 goblins
  12 hobgoblins
  6 kobolds
  A quokka (D:1)
  6 ball pythons
  6 frilled lizards
  6 rats
71 creatures vanquished.

Notes
Turn   | Place    | Note
-------+----------+-------------------------------------------
     0 | D:1      | Doorstop00 the Gargoyle Fighter began the quest for the
                  | Orb.
     0 | D:1      | Reached XP level 1. HP: 14/14 MP: 1/1
    77 | D:1      | Reached XP level 2. HP: 19/19 MP: 2/2
   473 | D:1      | Reached XP level 3. HP: 23/23 MP: 3/3
  1152 | D:2      | Found Moklafib's Distillery.
  1163 | D:2      | Bought a potion of curing for 30 gold pieces
  1169 | D:2      | Reached XP level 4. HP: 29/29 MP: 4/4
  1314 | D:2      | Noticed Robin
  1333 | D:2      | Killed Robin
  1428 | D:2      | Found a runed translucent door.
  1429 | D:2      | Noticed Crazy Yiuf
  1438 | D:2      | Killed Crazy Yiuf
  1439 | D:2      | Reached skill level 4 in Armour
  1610 | D:2      | Reached XP level 5. HP: 33/33 MP: 5/5
  1904 | D:3      | Found Heumuo's One-of-a-Kind Rings.
  1968 | D:3      | Noticed an ogre
  1972 | D:3      | Slain by an ogre

Illustrated notes

Levels and vault maps discovered:
D:1:      lightli_arrival_boilingwater, layout_basic
D:2:      layout_loops_ring, serial_shops, shop, minmay_worlds_worst_comb,
          uniq_crazy_yiuf_cottage, uniq_robin
D:3:      layout_basic, grunt_decor_clamped, nicolae_shop_unique_rings,
          uniq_natasha, uniq_grinder

Skill      XL: |  1  2  3  4 |
---------------+-------------+-----
Maces & Flails | 3 |  3.4
Armour         | 4 |  4.1
Fighting       | |  3.9
Dodging        | |  0.9
Shields        | |  3.9

Action                     |  1- 3 |  4- 6 || total
---------------------------+-------+-------++-------
  Melee: Flail             |   144 |    45 ||   189
         Mace              |       |    37 ||    37
    Use: Scroll            |     2 |     1 ||     3
         Potion            |       |     1 ||     1
 Armour: Scale mail        |   124 |    44 ||   168
  Dodge: Dodged            |    71 |    34 ||   105
  Block: Buckler           |    21 |    12 ||    33

Table legend: (Time is in decaauts)
 A = Elapsed time spent in this place.
 B = Non-inter-level travel time spent in this place.
 C = Inter-level travel time spent in this place.
 D = Time resting spent in this place.
 E = Time spent auto-exploring this place.
 F = Levels seen in this place.
 G = Mean time per level.
                   A        B        C        D        E       F      G
               +--------+--------+--------+--------+--------+-----+--------+
         Total |   2042 |   1997 |     45 |     69 |   1208 |   3 |  680.7 |
       Dungeon |   2042 |   1997 |     45 |     69 |   1208 |   3 |  680.7 |
               +--------+--------+--------+--------+--------+-----+--------+

Top non-repeatable levels by time:
     D:1: 1055 daAuts
     D:2: 804 daAuts
     D:3: 182 daAuts
